 Dungeon Crawl Stone Soup version 0.29-a0-380-gf50f0a9fbc (webtiles) character file.

Game seed: 431787072233510379

22 bande the Covered (level 2, 0/19 HPs)
             Began as a Gargoyle Fighter on May 5, 2022.
             Slain by a gnoll
             ... wielding a +0 club
              (7 damage)
             ... on level 1 of the Dungeon.
             The game lasted 00:00:48 (481 turns).

bande the Covered (Gargoyle Fighter)                 Turns: 481, Time: 00:00:49

Health: 0/19       AC:  9    Str: 19    XL:     2   Next: 91%
Magic:  2/2        EV:  9    Int:  8    God:
Gold:   43         SH:  4    Dex:  9    Spells: 1/1 levels left

rFire   . . .      SeeInvis .   a - +0 war axe
rCold   . . .      Faith    .   c - +0 buckler
rNeg    + . .      Spirit   .   b - +0 scale mail
rPois   ∞          Reflect  .   (no helmet)
rElec   +          Harm     .   (no cloak)
rCorr   .          Rampage  .   (no gloves)
Will    .....                   (no boots)
Stlth   ..........              (no amulet)
HPRegen 0.06/turn               (no ring)
MPRegen 0.08/turn               (no ring)

@: no status effects
A: sickness immunity, AC +2, negative energy resistance 1, electricity
resistance, torment resistance 1, petrification resistance
a: no special abilities


You were on level 1 of the Dungeon.
You visited 1 branch of the dungeon, and saw 1 of its levels.

You collected 43 gold pieces.

Inventory:

Hand Weapons
 a - a +0 war axe (weapon)
 f - a +1 mace of protection
Armour
 b - a +0 scale mail (worn)
 c - a +0 buckler (worn)
Jewellery
 e - a ring of magical power
Potions
 d - a potion of might


   Skills:
 + Level 3.5 Fighting
 + Level 1.9 Axes
 + Level 3.9 Armour
 + Level 3.5 Shields


You had one spell level left.
You didn't know any spells.
Your spell library contained the following spells:

 Spells                   Type           Power      Damage    Failure   Level
 Corpse Rot               Necr/Air       0%         N/A       94%         2
 Ensorcelled Hibernation  Hex/Ice        0%         N/A       94%         2
 Passwall                 Tmut/Erth      0%         N/A       94%         2
 Swiftness                Air            0%         N/A       99%         3
 Dispel Undead            Necr           0%         3d6       100%        4
 Death Channel            Necr           0%         N/A       100%        6


Dungeon Overview and Level Annotations

Branches:
Dungeon (1/15)

Altars:


Innate Abilities, Weirdness & Mutations

You are immune to sickness and miasma.
Your stone body is resilient. (AC +2)
You are immune to poison.
You resist negative energy. (rN+)
You are resistant to electric shocks. (rElec)
You are resistant to unholy torment.
You are immune to petrification.


Message History

The endoplasm quivers.
The gnoll hits you with a +0 club.
You closely miss the gnoll. The gnoll hits you with a +0 club.
The gnoll barely misses you.
You hit the gnoll.
The gnoll is lightly wounded.
You hit the endoplasm. The endoplasm freezes you.
You are frozen.
The gnoll closely misses you.
You slash the endoplasm!
You kill the endoplasm!
You closely miss the gnoll. The gnoll hits you but does no damage.
A goblin comes into view. It is wielding a +2 dagger of speed.
You closely miss the gnoll.
The gnoll is lightly wounded.
The gnoll hits you with a +0 club. The gnoll barely misses you.
You are too injured to fight recklessly!
You are too injured to fight recklessly!
You are too injured to fight recklessly!
You are too injured to fight recklessly!
You are too injured to fight recklessly!
You are too injured to fight recklessly!
You are too injured to fight recklessly!
You are too injured to fight recklessly!
You hit the gnoll.
The gnoll is moderately wounded.
You block the gnoll's attack.
You closely miss the gnoll.
The gnoll is moderately wounded.
The gnoll hits you but does no damage. The gnoll barely misses you.
You block the goblin's attack.
You hit the gnoll.
The gnoll is heavily wounded.
You hit the goblin.
You kill the goblin!
The gnoll hits you with a +0 club.
You closely miss the gnoll.
The gnoll is heavily wounded.
The gnoll hits you with a +0 club!
You die...

........# #.# #.
........# #.#######.
##.####.# #.##....#.
###.####.# #.##....#.
.........####.##....#.
###............+......
#.....#####+##......
#.....# #...........
#.)@..# #...........
#.g...###...........
#..#####...........#
.... ............#
.##.. #...........# ..
... #...........# .
##.. #...........# #..
#.##.##.#####
#.........†..


You could see a gnoll.

Vanquished Creatures
  2 dart slugs (D:1)
  2 ball pythons (D:1)
  2 endoplasms (D:1)
  A giant cockroach (D:1)
  2 hobgoblins (D:1)
  2 quokkas (D:1)
  A bat (D:1)
  2 frilled lizards (D:1)
  A goblin (D:1)
  3 rats (D:1)
18 creatures vanquished.

Notes
Turn   | Place    | Note
-------+----------+-------------------------------------------
     0 | D:1      | bande the Gargoyle Fighter began the quest for the Orb.
     0 | D:1      | Reached XP level 1. HP: 14/14 MP: 1/1
    98 | D:1      | Reached XP level 2. HP: 19/19 MP: 2/2
   481 | D:1      | Slain by a gnoll

Illustrated notes

Levels and vault maps discovered:
D:1:      sevenhm_arrival_forest_fort_large_4, layout_basic

Action                   || total
-------------------------++-------
Melee: War axe           ||    46
Armor: Scale mail        ||    17
Dodge: Dodged            ||    23
Block: Buckler           ||     7

Table legend: (Time is in decaauts)
 A = Elapsed time spent in this place.
 B = Non-inter-level travel time spent in this place.
 C = Inter-level travel time spent in this place.
 D = Time resting spent in this place.
 E = Time spent auto-exploring this place.
 F = Levels seen in this place.
 G = Mean time per level.
                   A        B        C        D        E       F      G
               +--------+--------+--------+--------+--------+-----+--------+
         Total |    501 |    501 |      0 |      0 |    391 |   1 |  501.0 |
       Dungeon |    501 |    501 |      0 |      0 |    391 |   1 |  501.0 |
               +--------+--------+--------+--------+--------+-----+--------+

Top non-repeatable levels by time:
     D:1: 501 daAuts
